 Dungeon Crawl Stone Soup version 0.31-a0-750-gfe7b580527 (webtiles) character file.

Game seed: 7796054465170035253

60 cforsyth the Sneak (level 4, -3/37 HPs)
             Began as a Djinni Delver on Sept 15, 2023.
             Frozen to death by an endoplasm (6 damage)
             ... on level 4 of the Dungeon.
             The game lasted 00:00:46 (243 turns).

cforsyth the Sneak (Djinni Delver)                   Turns: 243, Time: 00:00:47

Health: -3/37      AC:  3    Str: 11    XL:     4   Next: 25%
Gold:   0          EV: 12    Int:  9    God:
                   SH:  0    Dex: 22

rFire   + + .        h - +2 spear of the Middle {antimagic, rElec Int-5 Dex+8}
rCold   x . .        (no shield)
rNeg    . . .        b - +0 leather armour
rPois   ∞            (no helmet)
rElec   +            (no cloak)
rCorr   .            (no gloves)
SInv    .            (boots unavailable)
Will    .....        (no amulet)
Stlth   +++          (no ring)
HPRegen 0.26/turn    (no ring)
MPRegen 0.00/turn

%: infuse magic (-4 HP)
@: flying
A: sickness immunity, fire resistance 2, cold vulnerability 1, float, innate
caster, HP casting, extra vitality 1
a: no special abilities


You were on level 4 of the Dungeon.
You visited 1 branch of the dungeon, and saw 2 of its levels.

Inventory:

Hand Weapons
 a - a +0 falchion
 h - the +2 spear of the Middle (weapon) {antimagic, rElec Int-5 Dex+8}
   (You found it on level 4 of the Dungeon)

   Int-5:     It affects your intelligence (-5).
   Dex+8:     It affects your dexterity (+8).
   rElec:     It insulates you from electricity.
Armour
 b - a +0 leather armour (worn)
Wands
 g - a wand of digging (3)
Scrolls
 c - a scroll of fog
 d - a scroll of revelation
 e - a scroll of fear
 i - a scroll of poison {unknown}
 j - a scroll of blinking {unknown}
Potions
 f - a potion of haste


   Skills:
 + Level 4.0 Fighting
 - Level 1.7 Long Blades
 - Level 2.1 Dodging
 - Level 4.1 Stealth
 + Level 1.6 Spellcasting
 + Level 1.6 Conjurations
 + Level 1.6 Hexes
   Level 0.0 Charms
 + Level 1.6 Summonings
 + Level 1.6 Necromancy
 + Level 1.6 Translocations
 + Level 1.6 Transmutations
 + Level 1.6 Fire Magic
 + Level 1.6 Ice Magic
 + Level 1.6 Air Magic
 + Level 1.6 Earth Magic
 + Level 1.6 Poison Magic


You knew the following spells:

 Your Spells              Type           Power      Damage    Failure   Level
a - Necrotise             Necr           12%        1d4       24%         1
Your spell library was empty.

Dungeon Overview and Level Annotations

Branches:
Dungeon (5/15)
 Temple: D:4-7

Altars:
Trog


Innate Abilities, Weirdness & Mutations

You are immune to sickness and miasma.
You are immune to poison.
Your flesh is very heat resistant. (rF++)
You are vulnerable to cold. (rC-)
You float through the air rather than walking.
You learn spells naturally, not from books.
Your magical power is your life essence.
You have superior vitality. (+4 MHP)


Message History

You are too injured to fight recklessly!
You are too injured to fight recklessly!
You are too injured to fight recklessly!
You are too injured to fight recklessly!
You are too injured to fight recklessly!
You are too injured to fight recklessly!
You hit the scorpion.
The scorpion is almost dead.
The endoplasm hits the bush but does no damage.
The scorpion misses you.
The endoplasm hits the bush but does no damage.
You barely miss the scorpion.
The scorpion is almost dead.
The scorpion stings you.
The endoplasm hits the bush but does no damage.
The scorpion barely misses you.
You completely miss the scorpion.
You punch the scorpion, but do no damage.
The scorpion is almost dead.
The scorpion stings you.
The endoplasm hits the bush but does no damage.
You hit the scorpion but do no damage.
The scorpion is almost dead.
The scorpion stings you!
* * * LOW HITPOINT WARNING * * *
You closely miss the scorpion.
The scorpion is almost dead.
The scorpion stings you.
* * * LOW HITPOINT WARNING * * *
You closely miss the scorpion.
The scorpion is almost dead.
The scorpion stings you.
* * * LOW HITPOINT WARNING * * *
The scorpion stings you.
* * * LOW HITPOINT WARNING * * *
You closely miss the scorpion.
The scorpion is almost dead.
The endoplasm freezes you.
You are frozen.
You feel a terrible chill!
You die... #.......# ..# #.......####..# #............. .# ##................. .. #.............#...####. #...................... #...PPPP..PPPP.._..PPPP

#...s@J...............
##................###.
#.#............####..
###..................
#.....<...#........
#...##..####.......
##.###.## ##...... ###
### ###.... #..##


You could see a scorpion and an endoplasm.

Vanquished Creatures
  A scorpion (D:4)
  An orc (D:4)
  2 hobgoblins (D:4)
4 creatures vanquished.

Notes
Turn   | Place    | Note
-------+----------+-------------------------------------------
     0 | D:5      | cforsyth the Djinni Delver began the quest for the Orb.
     0 | D:5      | Reached XP level 1. HP: 20/20 MP: 0/0
    22 | D:5      | Noticed an iguana
    46 | D:4      | Identified the +2 spear of the Middle {antimagic, rElec
                  | Int-5 Dex+8}
   117 | D:4      | Noticed a scorpion
   130 | D:4      | Killed a scorpion
   131 | D:4      | Reached skill level 1 in Spellcasting
   131 | D:4      | Reached skill level 1 in Conjurations
   131 | D:4      | Reached skill level 1 in Hexes
   131 | D:4      | Reached skill level 1 in Summonings
   131 | D:4      | Reached skill level 1 in Necromancy
   131 | D:4      | Reached skill level 1 in Translocations
   131 | D:4      | Reached skill level 1 in Transmutations
   131 | D:4      | Reached skill level 1 in Fire Magic
   131 | D:4      | Reached skill level 1 in Ice Magic
   131 | D:4      | Reached skill level 1 in Air Magic
   131 | D:4      | Reached skill level 1 in Earth Magic
   131 | D:4      | Reached skill level 1 in Poison Magic
   131 | D:4      | Reached XP level 2. HP: 14/26 MP: 0/0
   131 | D:4      | Reached XP level 3. HP: 17/31 MP: 0/0
   131 | D:4      | Learned a level 1 spell: Necrotise
   131 | D:4      | Reached XP level 4. HP: 20/37 MP: 0/0
   208 | D:4      | Found a bloodstained altar of Trog.
   224 | D:4      | Noticed a scorpion
   243 | D:4      | Frozen to death by an endoplasm

Illustrated notes

Levels and vault maps discovered:
D:4:      layout_cave_pools, mainiacjoe_overflow_boulevard,
          minmay_temple_entry_hall, minmay_tree_intersection,
          minmay_stone_trees_small, nicolae_shop_fire_sale
          [nicolae_sub_dead_trees], kennysheep_generic_room_11, uniq_eustachio
D:5:      layout_basic, kennysheep_mini_moat, gammafunk_temple_overflow_wave,
          kennysheep_little_box, serial_shops, nicolae_shop_real_fake_doors,
          grunt_decor_arrowhead, grunt_decor_fettered

Skill      XL: |  1  2  3  4 |
---------------+-------------+-----
Spellcasting   | 1 |  1.6
Conjurations   | 1 |  1.6
Hexes          | 1 |  1.6
Summonings     | 1 |  1.6
Necromancy     | 1 |  1.6
Translocations | 1 |  1.6
Transmutations | 1 |  1.6
Fire Magic     | 1 |  1.6
Ice Magic      | 1 |  1.6
Air Magic      | 1 |  1.6
Earth Magic    | 1 |  1.6
Poison Magic   | 1 |  1.6
Fighting       | 4 |  4.0
Long Blades    | |  1.7
Dodging        | |  2.1
Stealth        | |  4.1

Action                     |  1- 3 |  4- 6 || total
---------------------------+-------+-------++-------
  Melee: Spear             |     9 |    22 ||    31
         Punch             |       |     1 ||     1
 Armour: Leather armour    |     5 |    13 ||    18
  Dodge: Dodged            |     5 |    11 ||    16

Table legend: (Time is in decaauts)
 A = Elapsed time spent in this place.
 B = Non-inter-level travel time spent in this place.
 C = Inter-level travel time spent in this place.
 D = Time resting spent in this place.
 E = Time spent auto-exploring this place.
 F = Levels seen in this place.
 G = Mean time per level.
                   A        B        C        D        E       F      G
               +--------+--------+--------+--------+--------+-----+--------+
         Total |    245 |    245 |      0 |      0 |    145 |   2 |  122.5 |
       Dungeon |    245 |    245 |      0 |      0 |    145 |   2 |  122.5 |
               +--------+--------+--------+--------+--------+-----+--------+

Top non-repeatable levels by time:
     D:4: 209 daAuts
     D:5: 36 daAuts
